 Dungeon Crawl Stone Soup version 0.19.1 (webtiles) character file.

315494 Host24 the Swashbuckler (level 22, -3/152 HPs)
             Began as a Kobold Assassin on Dec 24, 2016.
             Was the Champion of Dithmenos.
             Splashed by an acid blob's acid (9 damage)
             ... on level 6 of the Lair of Beasts.
             The game lasted 03:55:29 (43603 turns).

Host24 the Swashbuckler (Kobold Assassin)          Turns: 43603, Time: 03:55:30

Health: -3/152     AC: -3    Str:  9    XL:     22   Next: 72%
Magic:  26/26      EV: 41    Int: 10    God:    Dithmenos [******]
Gold:   3207       SH: 12    Dex: 26    Spells: 0 memorised, 27 levels left

rFire  . . .     SeeInvis +     w - +10 short sword of Prudence {freeze, rPois}
rCold  . . .     Gourm    .     n - +0 steam dragon scales
rNeg   . . .     Faith    .     s - +2 buckler {reflect}
rPois  +         Spirit   .     a - +2 hat {MR+}
rElec  .         Reflect  +     I - +2 cloak
rCorr  .         Harm     .     R - +2 pair of gloves
MR     ++...     Rnd*Rage +     h - +0 pair of boots
Stlth  ++++++++++ Rnd*Tele +    q - amulet of regeneration
                                M - +5 ring of evasion
                                Q - ring of see invisible

@: about to teleport, corroded, wreathed by umbra
A: horns 1, berserk 1, blurry vision 1, carnivore 3, dopey 1, mutation
resistance 1, teleportitis 1, wild magic 1
a: Shadow Step, Shadow Form, Renounce Religion
}: 1/15 runes: barnacled


You were on level 6 of the Lair of Beasts.
You worshipped Dithmenos.
Dithmenos was exalted by your worship.
You were very full.

You visited 7 branches of the dungeon, and saw 34 of its levels.
You also visited: Labyrinth, Ossuary and Ice Cave.

You collected 3378 gold pieces.
You spent 171 gold pieces at shops.

Inventory:

Hand Weapons
 b - a +1 blowgun
 w - the +10 short sword of Prudence (weapon) {freeze, rPois}
   (You found it on level 8 of the Dungeon)

   It has been specially enchanted to freeze those struck by it, causing extra
   injury to most foes and up to half again as much damage against particularly
   susceptible opponents.
   It can also slow down cold-blooded creatures.
   It protects you from poison.
 P - a +0 rapier of venom
Missiles
 c - 184 bolts
 e - 95 poisoned needles
 j - 626 stones (quivered)
 t - 511 arrows
 z - a throwing net
 H - 279 sling bullets
 X - 44 tomahawks
Armour
 a - a +2 hat of magic resistance (worn)
 h - a +0 pair of boots (worn)
 n - +0 steam dragon scales (worn)
 s - a +2 buckler of reflection (worn)
 I - a +2 cloak (worn)
 R - a +2 pair of gloves (worn)
Jewellery
 d - an uncursed ring of positive energy
 i - an uncursed ring of magical power
 q - an amulet of regeneration (around neck)
 u - an uncursed ring of protection from magic
 v - a +3 ring of strength
 C - an uncursed ring of resist corrosion
 M - a +5 ring of evasion (right hand)
 Q - a ring of see invisible (left hand)
 T - an uncursed ring of poison resistance
Wands
 S - a wand of digging (22/24)
Scrolls
 k - 2 scrolls of enchant armour
 o - 2 scrolls of fear
 p - 3 scrolls of remove curse
 r - 2 scrolls of teleportation
 x - 3 scrolls of blinking
 y - 3 scrolls of identify
 A - a scroll of magic mapping
 G - a scroll of recharging
 Z - 2 scrolls of enchant weapon
Potions
 f - 3 potions of ambrosia
 l - a potion of heal wounds
 m - a potion of haste
 B - 6 potions of brilliance
 D - a potion of cancellation
 E - 2 potions of agility
 K - 5 potions of curing
 L - a potion of berserk rage
 N - 2 potions of might
 Y - 3 potions of flight
Books
 U - Sif Muna's Tome of Creation
   (You found it on level 4 of the Shoals)

   Spells                             Type                      Level
   a - Summon Small Mammal            Summoning                    1
   b - Call Canine Familiar           Summoning                    3
   c - Summon Mana Viper              Hexes/Summoning              5
   d - Summon Hydra                   Summoning                    7
 V - a book of Debilitation

   Spells                             Type                      Level
   a - Corona                         Hexes                        1
   b - Slow                           Hexes                        2
   c - Gell's Gravitas                Hexes/Translocation          3
   d - Inner Flame                    Hexes/Fire                   3
   e - Cause Fear                     Hexes                        4
   f - Leda's Liquefaction            Hexes/Earth                  4
Miscellaneous
 F - a phial of floods
 J - a disc of storms
 W - a phantom mirror
Comestibles
 g - 17 meat rations
 O - a beef jerky


   Skills:
 - Level 20.0 Fighting
 + Level 20.3 Short Blades
 - Level 6.5 Throwing
 - Level 7.0 Armour
 - Level 20.0 Dodging
 - Level 14.0 Stealth
 - Level 11.0 Shields
 - Level 2.2 Unarmed Combat
 - Level 3.0 Spellcasting


You had 27 spell levels left.
You didn't know any spells.

Dungeon Overview and Level Annotations

Branches:
Dungeon (15/15)            Temple (0/1) D:7            Lair (6/6) D:9
 Shoals (4/4) Lair:2       Spider (3/4) Lair:3        Slime (1/5) Lair:6
    Orc (2/2) D:12            Elf (3/3) Orc:2        Vaults (0/5) D:14
 Depths (0/5) D:15

Altars:
Ashenzari
Dithmenos
Elyvilon
Nemelex Xobeh
Ru
Trog
Vehumet
Yredelemnul
Zin

Shops:
D:5 (   D:9 ::[!}   D:10 [!   D:14 *   Orc:1 (   Orc:2 ([:*   Elf:2 *   Elf:3 =
Shoals:1 :

Annotations:
D:3 Host24's ghost, amateur KoAs
Shoals:2 Nikola
Shoals:3 Polyphemus
Spider:3 Arachne


Innate Abilities, Weirdness & Mutations

You are small and have problems with some larger weapons.
You are carnivorous and can eat meat at any time.
You have a pair of small horns on your head.
You tend to lose your temper in combat.
Scrolls take you a little longer to read.
You are dopey. (Int -2)
You are somewhat resistant to further mutation.
You are occasionally teleported next to monsters.
Your spells are a little harder to cast, but a little more powerful.


Message History

The acid burns!
You climb upwards.
Welcome back to the Lair of Beasts!
There is a staircase to the Slime Pits here.
Really read with blurry vision while enemies are nearby?
You begin reading the scroll.
You continue reading the scroll.
The acid blob spits acid at you. The splash of acid hits you!
* * * LOW HITPOINT WARNING * * *
The acid corrodes you!
You are splashed with acid!
The acid burns!
* * * LOW HITPOINT WARNING * * *
You block the acid blob's attack.
As you read the scroll of teleportation, it crumbles to dust.
You feel strangely unstable.
Really read with blurry vision while enemies are nearby?
You begin reading the scroll.
You continue reading the scroll.
The acid blob spits acid at you. The splash of acid hits you!
* * * LOW HITPOINT WARNING * * *
You are splashed with acid!
The acid burns!
You die...

######## ####......######
##............#.##
#......#.........##
#.....####....J...# ###
##......###....@..## #.##
##......#####...#.######..###
# ##.....###
#.##.##...#..##.###
##......########...P....<....
##......### ##.P..........
####.....# ####..P..##...P.
#....P...###....P#####..P..
#..#......#......####..P...
##...............##....P##.


You could see an acid blob.

Vanquished Creatures
  Saint Roka (Orc:2)
  Jorgrun (Shoals:3)
  Asterion (Elf:2)
  A deep elf blademaster (Elf:2)
  An acid blob (Slime:1)
  Frances (Spider:2)
  A kraken (Shoals:3)
  A sphinx (D:14)
  Gastronok (D:9)
  Ilsuiw (Shoals:4)
  Kirke (Spider:1)
  An azure jelly (Lair:6)
  A frost giant (D:14)
  3 deep elf sorcerers
  Louise (Elf:2)
  An emperor scorpion (Spider:2)
  3 deep elf elementalists
  The ghost of randomNumberGod the Devastator, a journeyman DECj of Vehumet (Orc:2)
  A deep elf demonologist (Elf:3)
  Snorg (Orc:1)
  3 deep elf annihilators
  8 merfolk javelineers
  A minotaur (Lab)
  The ghost of Host24 the Slicer, a journeyman KoAs of Dithmenos (Orc:2)
  7 merfolk impalers
  An ogre mage (Orc:2)
  10 hydras
  A deep elf high priest (D:14)
  An ice dragon (Lair:3)
  A rakshasa (D:12)
  12 vault guards (D:14)
  5 catoblepae
  2 alligator snapping turtles (Shoals:4)
  6 merfolk avatars
  3 centaur warriors (D:14)
  5 merfolk aquamancers
  4 satyrs
  28 dancing weapons
  A tengu warrior (Shoals:2)
  19 death yaks
  4 orc high priests
  11 deep elf knights
  A fire crab (shapeshifter) (Elf:1)
  A sea snake (shapeshifter) (Elf:2)
  11 sea snakes
  A kraken simulacrum (Shoals:4)
  10 deep elf archers
  3 hill giants
  A harpy (shapeshifter) (Elf:2)
  A wizard (D:15)
  A necromancer (D:15)
  Pikel (D:7)
  49 deep elf magi
  17 harpies
  5 orc knights
  A lindwurm (Lair:6)
  21 fauns
  6 cyclopes
  4 orb spiders
  9 orc sorcerers
  13 ugly things
  4 oklob plants
  9 wolf spiders
  A wolf spider zombie (D:14)
  11 manticores
  A moth of wrath (Spider:1)
  5 centaur zombies
  Psyche (D:10)
  An ice statue (IceCv)
  2 black mambas
  Maurice (D:10)
  5 elephants (Lair:3)
  12 sirens
  6 water nymphs
  A torpor snail (Spider:2)
  16 spiny frogs
  6 centaur skeletons
  A yaktaur (D:15)
  10 komodo dragons
  A kobold demonologist (D:11)
  3 rime drakes
  A tengu conjurer (Shoals:2)
  2 demonic crawlers
  2 trolls
  A jumping spider (shapeshifter) (D:14)
  13 polar bears
  10 jumping spiders
  24 merfolk
  A hornet (Spider:2)
  A harpy skeleton (D:15)
  15 slime creatures
  5 two-headed ogres
  5 wind drakes
  14 hippogriffs
  8 blink frogs
  7 dream sheep
  13 snapping turtles
  A vampire (D:14)
  10 water elementals
  Sigmund (D:4)
  14 tarantellas
  35 redbacks
  A spriggan (shapeshifter) (D:14)
  2 shadows (Lab)
  A wraith (D:11)
  3 air elementals
  4 wyverns
  59 yaks
  Grum (D:11)
  A hill giant zombie (D:12)
  2 fire elementals
  3 hogs
  8 basilisks
  4 hungry ghosts
  2 steam dragons
  16 vampire mosquitoes
  3 mottled dragons
  The ghost of Host24 the Sneak, an amateur KoAs of Dithmenos (D:4)
  2 wargs
  5 swamp worms (Lair:2)
  A naga (shapeshifter) (D:8)
  10 water moccasins
  Duvessa (D:5)
  A soldier ant (D:14)
  10 porcupines
  33 orc warriors
  2 slaves (D:7)
  A black bear (D:9)
  7 sky beasts
  5 eyes of draining
  3 phantoms
  9 ice beasts
  16 wolves
  14 centaurs
  11 ogres
  12 crocodiles
  5 big kobolds
  21 bullfrogs
  An elf skeleton (D:9)
  A wyvern zombie (D:6)
  3 earth elementals
  Dowan (D:5)
  2 water moccasin zombies (Ossuary)
  2 wyvern skeletons
  5 scorpions
  2 troll zombies (D:12)
  4 killer bees (D:9)
  6 wights
  A troll skeleton (D:9)
  6 electric eels
  3 howler monkeys
  8 crimson imps
  2 quasits
  11 hounds
  28 orc priests
  2 human zombies (D:9)
  6 jellies
  2 bullfrog skeletons (D:13)
  2 gnoll shamans
  7 iguanas
  A human skeleton (D:9)
  27 orc wizards
  6 hell rats (Lair:6)
  14 worker ants
  3 killer bee zombies
  5 ogre zombies
  4 mummies
  A howler monkey skeleton (D:4)
  A worker ant zombie (D:5)
  19 gnolls
  11 adders
  An ooze (D:2)
  2 adder skeletons
  7 adder zombies (Ossuary)
  15 worms
  2 dart slugs (D:5)
  10 leopard geckos
  91 orcs
  10 bats
  7 giant cockroaches
  2 gnoll zombies (Ossuary)
  8 goblins
  8 hobgoblins
  5 jackals
  11 kobolds
  4 quokkas
  A ball python (D:3)
  2 frilled lizards
  2 goblin zombies (D:12)
  A hobgoblin skeleton (D:12)
  7 hobgoblin zombies
  4 kobold zombies (Ossuary)
  2 orc skeletons
  16 orc zombies
  A quokka skeleton (D:5)
  11 rats
  2 fungi (Lair:3)
  3 plants
  4 tentacles (Shoals:3)
  A withered plant (D:13)
1311 creatures vanquished.

Vanquished Creatures (others)
  Aizul (Spider:2)
  A merfolk javelineer (Shoals:4)
  A satyr (Shoals:2)
  A deep elf archer (Elf:1)
  A deep elf mage (Elf:1)
  A cyclops (Shoals:2)
  An orc sorcerer (Orc:2)
  4 polar bears (IceCv)
  A water elemental (Elf:2)
  3 humans (Spider:2)
  2 wolves (IceCv)
  A centaur (D:14)
  2 orcs (Orc:2)
  10 fungi
  21 plants
  18 tentacles
69 creatures vanquished.

Grand Total: 1380 creatures vanquished

Notes
Turn   | Place    | Note
-------+----------+-------------------------------------------
     0 | D:1      | Host24 the Kobold Assassin began the quest for the Orb.
     0 | D:1      | Reached XP level 1. HP: 12/12 MP: 1/1
   144 | D:1      | Reached XP level 2. HP: 16/18 MP: 2/2
   338 | D:1      | Reached XP level 3. HP: 16/23 MP: 3/3
   980 | D:2      | Found a glowing silver altar of Zin.
   981 | D:2      | Found a shattered altar of Ashenzari.
   981 | D:2      | Found a radiant altar of Vehumet.
   982 | D:2      | Found a shadowy altar of Dithmenos.
  1006 | D:2      | Became a worshipper of Dithmenos the Shadowed
  1013 | D:2      | Reached XP level 4. HP: 21/30 MP: 4/4
  2116 | D:3      | Noticed Host24's ghost (amateur KoAs)
  2117 | D:3      | Reached skill level 5 in Fighting
  2266 | D:3      | Reached XP level 5. HP: 35/35 MP: 5/5
  2374 | D:3      | Reached * piety under Dithmenos
  2995 | D:4      | Reached XP level 6. HP: 40/40 MP: 6/6
  3034 | D:4      | Noticed Sigmund
  3057 | D:4      | Killed Sigmund
  3057 | D:4      | Reached skill level 5 in Short Blades
  3057 | D:4      | Reached XP level 7. HP: 44/44 MP: 7/7
  3208 | D:3      | Gained mutation: You are occasionally teleported next to monsters. [potion of mutation]
  3208 | D:3      | Gained mutation: You have a pair of small horns on your head. [potion of mutation]
  3208 | D:3      | Gained mutation: You are dopey. (Int -2) [potion of mutation]
  3347 | D:4      | Noticed Host24's ghost (amateur KoAs)
  3391 | D:4      | Killed Host24's ghost
  3432 | D:4      | Found a sparkling altar of Nemelex Xobeh.
  3467 | D:4      | Reached XP level 8. HP: 49/49 MP: 8/8
  4095 | D:5      | Entered Level 5 of the Dungeon
  4218 | D:5      | Reached ** piety under Dithmenos
  4459 | D:5      | Noticed Duvessa
  4460 | D:5      | Noticed Dowan
  4478 | D:5      | Killed Duvessa
  4478 | D:5      | Reached skill level 5 in Dodging
  4490 | D:5      | Found Buhank's Antique Weapon Emporium.
  4497 | D:5      | Killed Dowan
  4664 | D:4      | Found a bloodstained altar of Trog.
  4798 | D:5      | Reached XP level 9. HP: 49/56 MP: 9/9
  4868 | D:6      | Found a sand-covered staircase.
  4895 | Ossuary  | Entered an ossuary
  5039 | Ossuary  | Got a dazzling mace
  5066 | D:6      | Reached *** piety under Dithmenos
  5476 | D:6      | Found a sacrificial altar of Ru.
  5810 | D:7      | Found a staircase to the Ecumenical Temple.
  5892 | D:7      | Noticed Pikel
  6189 | D:7      | Gained mutation: You are somewhat resistant to further mutation. [potion of beneficial mutation]
  6388 | D:7      | Noticed a hippogriff
  6404 | D:7      | Killed a hippogriff
  6461 | D:7      | Killed Pikel
  6461 | D:7      | Reached skill level 10 in Fighting
  6461 | D:7      | Reached XP level 10. HP: 60/68 MP: 10/10
  6574 | D:7      | Identified a scroll of acquirement
  6692 | D:8      | Reached **** piety under Dithmenos
  6725 | D:8      | Reached skill level 10 in Short Blades
  6730 | D:8      | Got a twisted short sword
  6752 | D:8      | Identified the +10 short sword of Prudence {freeze, rPois} (You found it on level 8 of the Dungeon)
  7154 | D:8      | Reached skill level 10 in Dodging
  7186 | D:8      | Noticed a two-headed hydra
  7190 | D:8      | Killed a two-headed hydra
  7190 | D:8      | Reached XP level 11. HP: 74/74 MP: 11/11
  7509 | D:9      | Found Keutan's Distillery.
  7513 | D:9      | Bought a potion of degeneration for 12 gold pieces
  7515 | D:9      | Found Ushritt's Gadget Boutique.
  7648 | D:9      | Found a white marble altar of Elyvilon.
  7754 | D:9      | Noticed Gastronok
  7804 | D:9      | Killed Gastronok
  7966 | D:9      | Found Sannupyg's Book Emporium.
  8038 | D:9      | Reached ***** piety under Dithmenos
  8053 | D:9      | Found a bloodstained altar of Trog.
  8078 | D:9      | Found Viehucw's Antique Armour Shoppe.
  8222 | D:9      | Found Ijok's Book Shoppe.
  8306 | D:9      | Reached skill level 15 in Short Blades
  8308 | D:9      | Found a basalt altar of Yredelemnul.
  8633 | D:9      | Found a staircase to the Lair.
  8649 | Lair:1   | Entered Level 1 of the Lair of Beasts
  8672 | Lair:1   | Reached XP level 12. HP: 80/80 MP: 12/12
  8902 | Lair:1   | Noticed a four-headed hydra
  8908 | Lair:1   | Killed a four-headed hydra
  9528 | Lair:2   | Got an encrusted leather armour
  9705 | Lair:2   | Found a staircase to the Shoals.
 10750 | Lair:3   | Found a labyrinth entrance.
 10759 | Lab      | Entered a labyrinth
 11778 | Lab      | Noticed a minotaur
 11784 | Lab      | Killed a minotaur
 12527 | Lair:3   | Noticed an ice dragon
 12983 | Lair:3   | Reached XP level 13. HP: 78/89 MP: 13/13
 13798 | Lair:4   | Identified the +3 leather armour of Objectivity {rC++ Str-5 Dex+2 Slay-4} (You found it on level 2 of the Lair of Beasts)
 14855 | Lair:5   | Reached skill level 10 in Stealth
 15270 | Lair:6   | Entered Level 6 of the Lair of Beasts
 15379 | Lair:6   | Noticed an eight-headed hydra
 15386 | Lair:6   | Killed an eight-headed hydra
 15407 | Lair:6   | Reached ****** piety under Dithmenos
 15445 | Lair:6   | Noticed a catoblepas
 15461 | Lair:6   | Reached skill level 15 in Fighting
 15461 | Lair:6   | Reached XP level 14. HP: 45/98 MP: 14/14
 15477 | Lair:6   | Reached skill level 1 in Armour
 15600 | Lair:6   | Found a staircase to the Slime Pits.
 16046 | Lair:6   | Reached skill level 5 in Armour
 17187 | Lair:6   | Reached skill level 15 in Dodging
 17510 | Lair:3   | Found a hole to the Spider Nest.
 17724 | Lair:1   | Identified a +4 rod of clouds (12/12) (You found it in a labyrinth)
 17788 | D:9      | Gained mutation: Scrolls take you a little longer to read. [potion of mutation]
 17788 | D:9      | Gained mutation: You tend to lose your temper in combat. [potion of mutation]
 17788 | D:9      | Gained mutation: Your spells are a little harder to cast, but a little more powerful. [potion of mutation]
 17940 | D:10     | Entered Level 10 of the Dungeon
 17987 | D:10     | Reached skill level 1 in Spellcasting
 18026 | D:10     | Found a basalt altar of Yredelemnul.
 18045 | D:10     | Noticed Psyche
 18050 | D:10     | Killed Psyche
 18151 | D:10     | Noticed Maurice
 18155 | D:10     | Killed Maurice
 18170 | D:10     | Found Pucha's Distillery.
 18254 | D:10     | Found Eraffoj's Antique Armour Emporium.
 18456 | D:11     | Noticed Grum
 18646 | D:11     | Reached XP level 15. HP: 103/103 MP: 19/19
 18800 | D:11     | Killed Grum
 20343 | D:12     | Found a staircase to the Orcish Mines.
 21295 | Orc:1    | Entered Level 1 of the Orcish Mines
 21345 | Orc:1    | Found Foepimo's Weapon Boutique.
 21377 | Orc:1    | Found a frozen archway.
 21499 | IceCv    | Entered an ice cave
 21987 | IceCv    | Noticed a frost giant
 22441 | Orc:2    | Entered Level 2 of the Orcish Mines
 22448 | Orc:2    | Noticed randomNumberGod's ghost (journeyman DECj)
 22670 | Orc:2    | Killed randomNumberGod's ghost
 22902 | Orc:2    | Noticed Host24's ghost (journeyman KoAs)
 22925 | Orc:2    | Killed Host24's ghost
 22925 | Orc:2    | Reached skill level 1 in Unarmed Combat
 23278 | Orc:2    | Noticed Snorg
 23336 | Orc:2    | Noticed Saint Roka
 23371 | Orc:2    | Reached XP level 16. HP: 102/112 MP: 20/20
 23558 | Orc:2    | Found a staircase to the Elven Halls.
 23980 | Orc:2    | Found Cyteitucad's Antique Armour Boutique.
 23980 | Orc:2    | Found Ruevvoyfi's Antique Weapon Shoppe.
 23983 | Orc:2    | Found Yguesule's Assorted Antiques.
 23983 | Orc:2    | Found Qarien's Book Shoppe.
 23991 | Orc:2    | Bought a fuming brown potion for 28 gold pieces
 23991 | Orc:2    | Bought a red potion for 28 gold pieces
 24063 | Orc:1    | Killed Snorg
 25543 | D:13     | Reached skill level 5 in Throwing
 26366 | D:14     | Found a gate to the Vaults.
 26414 | D:14     | Noticed a frost giant
 26536 | D:14     | Killed a frost giant
 26646 | D:14     | Reached skill level 1 in Shields
 26647 | D:14     | Noticed a sphinx
 26647 | D:14     | Paralysed by a sphinx for 4 turns
 26669 | D:14     | Killed a sphinx
 27002 | D:14     | Reached XP level 17. HP: 117/117 MP: 21/21
 27448 | D:14     | Found Elen's Assorted Antiques.
 27456 | D:14     | Bought a scroll labeled OTEATWO IX ARA for 37 gold pieces
 27456 | D:14     | Bought 2 cyan potions for 66 gold pieces
 27633 | D:14     | Reached skill level 5 in Shields
 27992 | D:15     | Entered Level 15 of the Dungeon
 28521 | D:15     | Found a staircase to the Depths.
 29764 | Lair:3   | Got a steaming tin ring
 30081 | Lair:1   | Identified the ring "Jacow" {*Slow rPois AC+6 Int-4 Dex+8} (You found it on level 3 of the Lair of Beasts)
 30168 | Spider:1 | Entered Level 1 of the Spider Nest
 30725 | Spider:2 | Noticed Frances
 30817 | Spider:2 | Noticed Kirke
 30964 | Spider:1 | Noticed a sphinx
 31199 | Spider:1 | Killed Kirke
 31295 | Spider:2 | Noticed Aizul
 31329 | Spider:2 | Got a jewelled dagger
 31592 | Shoals:1 | Entered Level 1 of the Shoals
 31592 | Shoals:1 | Found Bophan's Book Boutique.
 32635 | Shoals:2 | Noticed Nikola
 32794 | Shoals:2 | Reached XP level 18. HP: 123/123 MP: 22/22
 33776 | Shoals:3 | Reached skill level 10 in Shields
 33824 | Shoals:3 | Identified the cursed +2 dagger "Sinn" {pain, Str+4} (You found it on level 2 of the Spider Nest)
 33960 | Shoals:3 | Got a slimy helmet
 34068 | Shoals:3 | Noticed a kraken
 34357 | Shoals:3 | Noticed Jorgrun
 34429 | Shoals:3 | Noticed Polyphemus
 34639 | Shoals:3 | Noticed a kraken
 34688 | Shoals:3 | Killed a kraken
 34702 | Shoals:3 | Killed Jorgrun
 34772 | Shoals:4 | Entered Level 4 of the Shoals
 34774 | Shoals:4 | Noticed Ilsuiw
 36092 | Shoals:4 | Got a barnacled rune of Zot
 36345 | Shoals:4 | Reached XP level 19. HP: 129/132 MP: 23/23
 36585 | Shoals:4 | Killed Ilsuiw
 37294 | Shoals:4 | Identified Sif Muna's Tome of Creation
 38380 | Spider:3 | Noticed Arachne
 38573 | Spider:2 | Killed Frances
 38593 | Spider:2 | Killed Aizul
 38942 | Orc:2    | Killed Saint Roka
 39117 | Orc:2    | Reached XP level 20. HP: 139/139 MP: 24/24
 39118 | Orc:2    | Reached XP level 21. HP: 144/144 MP: 25/25
 39277 | Elf:1    | Entered Level 1 of the Elven Halls
 40238 | Elf:2    | Found Kopsegg's Assorted Antiques.
 40348 | Elf:2    | Reached XP level 22. HP: 149/149 MP: 26/26
 40711 | Elf:2    | Noticed Louise
 41095 | Elf:2    | Found a runed gate.
 41096 | Elf:2    | Found a runed gate.
 41096 | Elf:2    | Found a runed gate.
 41268 | Elf:2    | Noticed Asterion
 41305 | Elf:2    | Killed Asterion
 41768 | Elf:2    | Killed Louise
 42012 | Elf:3    | Entered Level 3 of the Elven Halls
 42113 | Elf:3    | Found Syilio's Jewellery Boutique.
 42173 | Elf:3    | HP: 3/152 [deep elf high priest/divine providence (12)]
 43041 | Slime:1  | Entered Level 1 of the Pits of Slime
 43603 | Lair:6   | HP: 6/152 [acid blob/splash of acid (14)]
 43603 | Lair:6   | Splashed by an acid blob's acid

Skill      XL: |  1  2  3  4  5  6  7  8  9 10 11 12 13 14 15 16 17 18 19 20 21 22 |
---------------+-------------------------------------------------------------------+-----
Fighting       | 3 4 5 6 10 11 13 15 17 19 20 | 20.0
Dodging        | 4 7 8 10 11 14 15 16 17 18 20 | 20.0
Short Blades   | 5 8 9 11 15 17 20 | 20.3
Stealth        | 9 10 12 13 14 | 14.0
Throwing       | 3 6 |  6.5
Armour         | 5 6 7 |  7.0
Spellcasting   | 3 |  3.0
Unarmed Combat | 2 |  2.2
Shields        | 4 9 10 11 | 11.0

Action                   |  1- 3 |  4- 6 |  7- 9 | 10-12 | 13-15 | 16-18 | 19-21 | 22-24 || total
-------------------------+-------+-------+-------+-------+-------+-------+-------+-------++-------
Melee: Dagger            |   119 |   121 |   429 |    34 |       |       |       |       ||   703
       Headbutt          |       |       |    81 |   108 |   361 |   508 |   180 |   154 ||  1392
       Short sword       |       |       |       |   564 |  1405 |  2052 |   711 |   600 ||  5332
       Punch             |       |       |       |       |     4 |     8 |       |       ||    12
       Unarmed           |       |       |       |       |       |     8 |       |       ||     8
 Fire: Blowgun           |       |    21 |       |    24 |     2 |       |       |       ||    47
Throw: Stone             |       |       |       |       |     7 |     4 |       |     2 ||    13
  Use: Scroll            |       |     2 |     5 |    16 |     8 |    14 |     2 |     2 ||    49
       Potion            |       |       |    10 |     4 |     3 |     5 |     2 |     3 ||    27
 Stab: Sleeping          |     7 |    10 |    34 |    40 |    51 |    68 |    17 |    11 ||   238
       Distracted        |       |       |     1 |     2 |    19 |    21 |     9 |     5 ||    57
       Held in net/web   |       |       |       |       |       |     1 |       |       ||     1
  Eat: Chunk             |     8 |     6 |    12 |    27 |    42 |    47 |    12 |     9 ||   163
       Pizza             |       |       |       |       |     1 |       |     1 |       ||     2
Armor: Robe              |    25 |    22 |    26 |    23 |    26 |       |       |       ||   122
       Steam dragon scal |       |       |       |       |    38 |   139 |    50 |    36 ||   263
       Leather armour    |       |       |       |       |       |     1 |       |       ||     1
Dodge: Dodged            |    78 |    98 |   241 |   362 |   985 |  1487 |   503 |   377 ||  4131
Block: Buckler           |       |       |       |       |       |   459 |   251 |   193 ||   903
       Reflection        |       |       |       |       |       |    41 |    20 |    13 ||    74
